 Dungeon Crawl Stone Soup version 0.27.1-1-g398f81649c (webtiles) character file.

Game seed: 9069664010389457905

1359 Borgoz the Skirmisher (level 8, -17/52 HPs)
             Began as a Gargoyle Berserker on Sept 19, 2021.
             Was a Priest of Trog.
             Killed from afar by Maggie (22 damage)
             ... with a bolt of fire
             ... on level 6 of the Dungeon.
             The game lasted 00:04:39 (5967 turns).

Borgoz the Skirmisher (Gargoyle Berserker)          Turns: 5967, Time: 00:04:40

Health: -17/52     AC: 10    Str: 21    XL:     8   Next: 64%
Magic:  8/8        EV: 16    Int: 14    God:    Trog [***...]
Gold:   141        SH:  0    Dex: 11    Spells: 7/7 levels left

rFire    . . .     SeeInvis .   a - +0 mace
rCold    . . .     Faith    +   (no shield)
rNeg     + . .     Spirit   .   b - +0 animal skin
rPois    ∞         Reflect  .   (no helmet)
rElec    +         Harm     .   c - +1 cloak
rCorr    .         Rampage  .   (no gloves)
Will     ++...                  (no boots)
Stlth    +.........             m - amulet of faith
HPRegen  1.17/turn              h - +4 ring of evasion
MPRegen  0.11/turn              d - +6 ring of intelligence

@: strong-willed, on berserk cooldown, mesmerised, regenerating, slowed, very
slow
A: sickness immunity, AC +5, negative energy resistance 1, electricity
resistance, torment resistance 1, petrification resistance
a: Renounce Religion, Berserk, Trog's Hand


You were on level 6 of the Dungeon.
You worshipped Trog.
Trog was most pleased with you.
You visited 1 branch of the dungeon, and saw 6 of its levels.

You collected 141 gold pieces.

Inventory:

Hand Weapons
 a - a +0 mace (weapon)
Missiles
 f - a throwing net (quivered)
Armour
 b - a +0 animal skin (worn)
 c - a +1 cloak (worn)
Jewellery
 d - a +6 ring of intelligence (right hand)
 e - an amulet of guardian spirit
 h - a +4 ring of evasion (left hand)
 m - an amulet of faith (around neck)
Wands
 l - a wand of digging (6)
Scrolls
 g - a scroll of enchant armour
 i - a scroll of teleportation {unknown}
 k - a scroll of blinking {unknown}
 p - a scroll of amnesia {unknown}
Potions
 n - 2 potions of lignification {unknown}
 o - a potion of ambrosia {unknown}


   Skills:
 * Level 6.8 Fighting
 * Level 6.2 Maces & Flails
 * Level 6.3 Armour
 + Level 3.5 Dodging


You had 7 spell levels left.
You didn't know any spells.
Your spell library was empty.

Dungeon Overview and Level Annotations

Branches:
Dungeon (6/15)
 Temple: D:4-7

Altars:
Hepliaklqana
Nemelex Xobeh
Sif Muna

Shops:
D:5 :

Annotations:
D:6 Maggie


Innate Abilities, Weirdness & Mutations

You are immune to sickness and miasma.
Your stone body is resilient. (AC +5)
You are immune to poison.
You resist negative energy. (rN+)
You are resistant to electric shocks. (rElec)
You are resistant to unholy torment.
You are immune to petrification.


Message History

Maggie is moderately wounded.
Maggie closely misses you.
You sock Maggie!
Maggie is heavily wounded.
Maggie casts a spell at you. The bolt of fire hits you!
You barely miss Maggie.
Maggie is heavily wounded.
Maggie casts a spell.
You sock Maggie!
Maggie is severely wounded.
You hit Maggie.
Maggie is severely wounded.
You are no longer berserk.
You are exhausted.
You feel yourself slow down.
Maggie hits you with a +0 vorpal long sword!
You hit Maggie but do no damage.
Maggie is severely wounded.
Maggie mumbles some strange words.
Maggie attempts to bespell you!
You are mesmerised by Maggie!
Maggie hits you with a +0 vorpal long sword!
* * * LOW HITPOINT WARNING * * *
x2 You closely miss Maggie.
Maggie is severely wounded.
Maggie hits you with a +0 vorpal long sword!
* * * LOW HITPOINT WARNING * * *
x2 Maggie mumbles some strange words.
Maggie draws you further into her thrall.
You feel better. Maggie hits you but does no damage.
Okay, then.
Your skin crawls.
You feel strong-willed. Maggie gestures at you while chanting.
The bolt of fire hits you!
* * * LOW HITPOINT WARNING * * *
Maggie casts a spell at you. The bolt of fire hits you!!
You die...

......#
............####../...
>.....................
........#........#...
........#..........#
..................# .
.#....###.........###...
...#..##.....#...@......
................@...#
#...!#.#.......##..##
#....(......#.## ....#
#....#......#... .....#
#....#.##..#######....#
...........# ......
#...#..##### ....#.
.....>..## ###..
.........#####


You could see Maggie (mesmerising).

Vanquished Creatures
  3 ice beasts
  A necrophage (D:3)
  An orc warrior (D:4)
  An ogre (D:5)
  2 phantoms
  3 scorpions
  A water moccasin skeleton (D:5)
  4 hounds
  A jelly (D:4)
  An orc priest (D:4)
  Jessica (D:2)
  2 iguanas
  2 orc wizards (D:5)
  A howler monkey zombie (D:6)
  5 adders
  An adder skeleton (D:4)
  2 worms
  3 dart slugs
  5 orcs
  9 endoplasms
  5 goblins
  7 hobgoblins
  2 quokkas
  2 ball pythons
  6 bats
  A frilled lizard (D:2)
  4 kobolds
  2 rats
78 creatures vanquished.

Notes
Turn   | Place    | Note
-------+----------+-------------------------------------------
     0 | D:1      | Borgoz the Gargoyle Berserker began the quest for the Orb.
     0 | D:1      | Reached XP level 1. HP: 14/14 MP: 1/1
   293 | D:1      | Reached XP level 2. HP: 19/19 MP: 2/2
   873 | D:1      | Reached XP level 3. HP: 23/23 MP: 3/3
   906 | D:1      | Reached ** piety under Trog
  1084 | D:2      | Noticed Jessica
  1095 | D:2      | Killed Jessica
  1278 | D:2      | Reached XP level 4. HP: 27/29 MP: 4/4
  1404 | D:2      | Found a faded altar of an unknown god.
  2148 | D:3      | Noticed a necrophage
  2157 | D:3      | Killed a necrophage
  2158 | D:3      | Reached XP level 5. HP: 27/34 MP: 5/5
  2707 | D:4      | Reached XP level 6. HP: 33/39 MP: 6/6
  3300 | D:4      | Reached skill level 5 in Fighting
  3547 | D:4      | Noticed an orc warrior
  3558 | D:4      | Reached XP level 7. HP: 44/44 MP: 7/7
  3579 | D:4      | Reached skill level 5 in Maces & Flails
  3957 | D:5      | Entered Level 5 of the Dungeon
  4004 | D:5      | Reached skill level 5 in Armour
  4033 | D:5      | Found Afab's Book Shop.
  4236 | D:5      | Reached *** piety under Trog
  4404 | D:5      | Reached XP level 8. HP: 44/51 MP: 8/8
  5560 | D:6      | Found a shimmering blue altar of Sif Muna.
  5567 | D:6      | Found a hazy altar of Hepliaklqana.
  5569 | D:6      | Found a sparkling altar of Nemelex Xobeh.
  5945 | D:6      | Noticed Maggie
  5965 | D:6      | HP: 2/52 [Maggie (3)]
  5967 | D:6      | Killed from afar by Maggie

Illustrated notes

Levels and vault maps discovered:
D:1:      lightli_arrival_quake, layout_basic, kennysheep_flooded_box,
          grunt_decor_resistance, solitary_fountain
D:2:      layout_basic, hellmonk_ecumenical_altar_run_dry,
          chequers_serial_rivers_marsh, minmay_misc_feat_roman,
          chequers_hall_statues_wall_a, uniq_jessica
D:3:      layout_loops_ring
D:4:      layout_gridville
D:5:      layout_basic, serial_shops, shop
D:6:      layout_rooms, grunt_temple_overflow_open,
          minmay_temple_entry_statues_pillars, uniq_maggie

Skill      XL: |  1  2  3  4  5  6  7  8 |
---------------+-------------------------+-----
Armour         | 3 4 5 6 |  6.3
Dodging        | 2 3 |  3.5
Fighting       | 4 5 6 |  6.8
Maces & Flails | 4 5 6 |  6.2

Action                   |  1- 3 |  4- 6 |  7- 9 || total
-------------------------+-------+-------+-------++-------
Melee: Mace              |    60 |   174 |   191 ||   425
Invok: Berserk           |       |     2 |     6 ||     8
       Trog's Hand       |       |       |     3 ||     3
  Use: Potion            |       |       |     4 ||     4
       Scroll            |       |       |     3 ||     3
 Stab: Sleeping          |       |     1 |       ||     1
Armor: Animal skin       |    19 |    60 |    54 ||   133
Dodge: Dodged            |    27 |   166 |   141 ||   334
